 Dungeon Sprint DCSS version 0.28-a0-863-g8cecda6153 (webtiles) character file.

Game seed: 10198444558641928741

1799 Turgor the Geomancer (level 9, -7/59 HPs)
             Began as a Gargoyle Earth Elementalist on Nov 16, 2021.
             Was a Believer of Vehumet.
             Mangled by a centaur warrior (9 damage)
             ... in the Dungeon (Sprint I: "Red Sonja").
             The game lasted 00:10:31 (1352 turns).

Turgor the Geomancer (Gargoyle Earth Elementalist)  Turns: 1352, Time: 00:10:32

Health: -7/59      AC:  8    Str: 12    XL:     9   Next: 9%
Magic:  17/22      EV: 12    Int: 19    God:    Vehumet [**....]
Gold:   387        SH:  0    Dex: 10    Spells: 15/27 levels left

rFire   . . .      SeeInvis .   j - +2 dagger (drain)
rCold   . . .      Faith    .   (no shield)
rNeg    + . .      Spirit   .   b - +0 robe
rPois   ∞          Reflect  .   (no helmet)
rElec   +          Harm     .   (no cloak)
rCorr   .          Rampage  .   (no gloves)
Will    .....      NoTele   +   (no boots)
Stlth   ++........              (no amulet)
HPRegen 0.19/turn               (no ring)
MPRegen 0.18/turn               (no ring)

@: no status effects
A: sickness immunity, AC +6, negative energy resistance 1, electricity
resistance, torment resistance 1, petrification resistance
a: Renounce Religion


You were in the Dungeon.
You worshipped Vehumet.
Vehumet was pleased with you.
You visited 1 branch You collected 523 gold pieces.
You spent 136 gold pieces at shops.

Inventory:

Hand Weapons
 j - a +2 dagger of draining (weapon)
Missiles
 k - 2 curare-tipped darts
Armour
 b - a +0 robe (worn)
Wands
 a - a wand of digging (6)
Scrolls
 g - a scroll of identify {unknown}
 h - a scroll of blinking
Potions
 c - a potion of curing
 f - 2 potions of magic


   Skills:
 + Level 8.0 Fighting
 + Level 2.7 Short Blades
 + Level 2.9 Throwing
 - Level 2.2 Dodging
 - Level 2.9 Stealth
 - Level 1.4 Unarmed Combat
 + Level 9.8 Spellcasting
 - Level 1.2 Conjurations
 + Level 6.0 Transmutations
 + Level 14.7 Earth Magic


You had 15 spell levels left.
You knew the following spells:

 Your Spells              Type           Power      Damage    Failure   Level
a - Sandblast             Erth           100%       2d20      1%          1
b - Passwall              Tmut/Erth      40%        N/A       1%          2
c - Stone Arrow           Conj/Erth      78%        3d11      1%          3
d - Petrify               Tmut/Erth      48%        N/A       1%          4
e - Static Discharge      Conj/Air       11%        N/A       9%          2

Your spell library contained the following spells:

 Spells                   Type           Power      Damage    Failure   Level


Dungeon Overview and Level Annotations

Branches:
Dungeon (1/1)

Altars:
Cheibriados
Dithmenos
Elyvilon
Fedhas
Gozag
Hepliaklqana
Kikubaaqudgha
Makhleb
Nemelex Xobeh
Okawaru
Qazlal
Ru
Sif Muna
Trog
Uskayaw
Vehumet
Wu Jian
Xom
Yredelemnul
Zin
The Shining One
Jiyva
Lugonu

Shops:
D [


Innate Abilities, Weirdness & Mutations

You are immune to sickness and miasma.
Your stone body is resilient. (AC +6)
You are immune to poison.
You resist negative energy. (rN+)
You are resistant to electric shocks. (rElec)
You are resistant to unholy torment.
You are immune to petrification.


Message History

Press: ? - help, Shift-Dir - straight line, f/p - centaur warrior
Aim: a centaur warrior, quivering arrows (heavily wounded, 88% to hit)
The blast of sand hits the centaur warrior!!
The centaur warrior is almost dead.
The centaur warrior hits you.
The centaur warrior kicks you but does no damage.
The centaur warrior hits you but does no damage.
The centaur warrior kicks you but does no damage.
Casting: Sandblast (safe; 1% risk of failure)
Confirm with . or Enter, or press ? or * to list all spells.
Aiming: Sandblast (safe; 1% risk of failure)
Press: ? - help, Shift-Dir - straight line, f/p - centaur warrior
Aim: a centaur warrior, quivering arrows (purple smoke, almost dead, 88% to hit)
The blast of sand hits the centaur warrior but does no damage.
The centaur warrior is almost dead.
The centaur warrior misses you.
The centaur warrior kicks you but does no damage.
The centaur warrior misses you. The centaur warrior barely misses you.
The centaur warrior misses you.
The centaur warrior kicks you but does no damage.
The centaur warrior hits you but does no damage.
The centaur warrior barely misses you.
Casting: Sandblast (safe; 1% risk of failure)
Confirm with . or Enter, or press ? or * to list all spells.
Aiming: Sandblast (safe; 1% risk of failure)
Press: ? - help, Shift-Dir - straight line, f/p - centaur warrior
Aim: a centaur warrior, quivering arrows (almost dead, 88% to hit)
The blast of sand hits the centaur warrior.
The centaur warrior is almost dead.
You now have no stones remaining.
The centaur warrior hits you.
* * * LOW HITPOINT WARNING * * *
The centaur warrior completely misses you.
The centaur warrior hits you!
* * * LOW HITPOINT WARNING * * *
The centaur warrior kicks you but does no damage.
You feel better. The centaur warrior hits you.
* * * LOW HITPOINT WARNING * * *
The centaur warrior kicks you but does no damage.
The centaur warrior hits you!
You die...

#######################
#..+..#..'..#__#s.))..#
)..#.)').#..+sss..#.s.##+#
#####'#####'#__####...'s.#
####..#...#.####§[#####..+
#__####..##.#≈§§§§# ##
#_____##'#_.'§§§c§+
#_.∩...'..._#≈§§@c#
#_..__##_.#'##+####
#_____###'#.#
#########.### +...+ #...#
##.## #+#


You could see 2 centaur warriors.

Vanquished Creatures
  Sonja (D)
  2 kobold demonologists (D)
  A slime creature (D)
  Sigmund (D)
  A yak (D)
  A floating eye (D)
  An ogre (D)
  A jelly (D)
  Ijyb (D)
10 creatures vanquished.

Notes
Turn   | Place    | Note
-------+----------+-------------------------------------------
     0 | D        | Turgor the Gargoyle Earth Elementalist began the quest for
                  | the Orb.
     0 | D        | Reached XP level 1. HP: 10/10 MP: 3/3
     1 | D        | Noticed Ijyb
    12 | D        | Killed Ijyb
    13 | D        | Reached skill level 6 in Earth Magic
    13 | D        | Reached XP level 2. HP: 15/15 MP: 0/6
    13 | D        | Reached XP level 3. HP: 19/19 MP: 0/7
   103 | D        | Learned a level 2 spell: Passwall
   107 | D        | Learned a level 3 spell: Stone Arrow
   112 | D        | Noticed an ogre
   115 | D        | Killed an ogre
   116 | D        | Reached skill level 9 in Earth Magic
   116 | D        | Reached XP level 4. HP: 15/24 MP: 0/10
   233 | D        | Noticed Sigmund
   238 | D        | Killed Sigmund
   239 | D        | Reached skill level 1 in Fighting
   239 | D        | Reached skill level 1 in Unarmed Combat
   239 | D        | Reached skill level 1 in Conjurations
   239 | D        | Reached skill level 12 in Earth Magic
   239 | D        | Reached XP level 5. HP: 7/29 MP: 1/14
   239 | D        | Reached XP level 6. HP: 8/34 MP: 1/15
   481 | D        | Found a shimmering blue altar of Sif Muna.
   482 | D        | Found an ornate altar of the Wu Jian Council.
   483 | D        | Found a radiant altar of Vehumet.
   498 | D        | Became a worshipper of Vehumet
   514 | D        | Found Jetzaifo's Antique Armour Emporium.
   514 | D        | Found an ancient bone altar of Kikubaaqudgha.
   514 | D        | Found a hazy altar of Hepliaklqana.
   514 | D        | Found a hide-covered altar of Uskayaw.
   514 | D        | Found a basalt altar of Yredelemnul.
   514 | D        | Found an opulent altar of Gozag.
   514 | D        | Found a snail-covered altar of Cheibriados.
   514 | D        | Found a sacrificial altar of Ru.
   514 | D        | Found a shadowy altar of Dithmenos.
   514 | D        | Noticed a yak
   516 | D        | Killed a yak
   517 | D        | Reached XP level 7. HP: 41/41 MP: 11/18
   517 | D        | Found a stormy altar of Qazlal.
   517 | D        | Found a blossoming altar of Fedhas.
   517 | D        | Found a bloodstained altar of Trog.
   517 | D        | Found an iron altar of Okawaru.
   517 | D        | Found a glowing golden altar of the Shining One.
   517 | D        | Found a glowing silver altar of Zin.
   517 | D        | Found a white marble altar of Elyvilon.
   518 | D        | Found a sparkling altar of Nemelex Xobeh.
   522 | D        | Bought a fine robe for 136 gold pieces
   522 | D        | Identified the +2 robe "Himeq" {+Inv Str+2 Int-5} (You
                  | bought it in a shop in the Dungeon)
   538 | D        | Noticed Sonja
   547 | D        | Killed Sonja
   548 | D        | Reached skill level 14 in Earth Magic
   548 | D        | Reached XP level 8. HP: 46/52 MP: 7/20
   631 | D        | Found a burning altar of Makhleb.
   631 | D        | Found a viscous altar of Jiyva.
   631 | D        | Found a shimmering altar of Xom.
   631 | D        | Found a corrupted altar of Lugonu.
   631 | D        | Noticed a slime creature
   638 | D        | Killed a slime creature
   638 | D        | Reached * piety under Vehumet
   638 | D        | Offered knowledge of Freeze by Vehumet.
   639 | D        | Reached skill level 5 in Transmutations
   644 | D        | Learned a level 4 spell: Petrify
   798 | D        | Noticed a kobold demonologist
   799 | D        | Noticed a kobold demonologist
   806 | D        | Noticed an orange demon
   810 | D        | Noticed a rust devil
   813 | D        | Killed a kobold demonologist
   814 | D        | Killed a kobold demonologist
   814 | D        | Reached ** piety under Vehumet
   814 | D        | Offered knowledge of Static Discharge by Vehumet.
   815 | D        | Reached XP level 9. HP: 39/59 MP: 4/22
   820 | D        | Learned a level 2 spell: Static Discharge
   917 | D        | Noticed a demonic crawler
   917 | D        | Noticed a demonic crawler
   917 | D        | Noticed a demonic crawler
   917 | D        | Noticed a demonic crawler
  1340 | D        | Noticed a centaur warrior
  1340 | D        | Noticed a centaur warrior
  1351 | D        | HP: 1/59 [centaur warrior (11)]
  1352 | D        | Mangled by a centaur warrior

Illustrated notes

Levels and vault maps discovered:
D:        dungeon_sprint_1 [red_sonja_temple_1, red_sonja_temple_small_1]

Skill      XL: |  1  2  3  4  5  6  7  8 |
---------------+-------------------------+-----
Dodging        | 2 |  2.2
Spellcasting   | 3 4 6 7 8 9 |  9.8
Earth Magic    | 6 9 12 14 | 14.7
Fighting       | 1 3 6 8 |  8.0
Unarmed Combat | 1 |  1.4
Conjurations   | 1 |  1.2
Transmutations | 2 4 6 |  6.0
Short Blades   | 2 |  2.7
Throwing       | 2 |  2.9
Stealth        | |  2.9

Action                   |  1- 3 |  4- 6 |  7- 9 || total
-------------------------+-------+-------+-------++-------
Melee: Unarmed           |     8 |       |       ||     8
       Dagger            |       |       |    11 ||    11
 Cast: Sandblast         |     5 |     3 |    22 ||    30
       Stone Arrow       |     1 |     5 |     8 ||    14
       Passwall          |     1 |       |       ||     1
       Static Discharge  |       |       |     1 ||     1
       Petrify           |       |       |     1 ||     1
  Use: Potion            |     1 |       |     3 ||     4
 Stab: Sleeping          |     1 |       |       ||     1
Armor: Robe              |     1 |       |    29 ||    30
Dodge: Dodged            |     5 |       |    44 ||    49

Table legend: (Time is in decaauts)
 A = Elapsed time spent in this place.
 B = Non-inter-level travel time spent in this place.
 C = Inter-level travel time spent in this place.
 D = Time resting spent in this place.
 E = Time spent auto-exploring this place.
 F = Levels seen in this place.
 G = Mean time per level.
                   A        B        C        D        E       F      G
               +--------+--------+--------+--------+--------+-----+--------+
         Total |   1347 |   1347 |      0 |   1114 |      0 |   1 | 1347.0 |
       Dungeon |   1347 |   1347 |      0 |   1114 |      0 |   1 | 1347.0 |
               +--------+--------+--------+--------+--------+-----+--------+

Top non-repeatable levels by time:
       D: 1347 daAuts
